 Dungeon Crawl Stone Soup version 0.27-b1-2-g8387495791 (webtiles) character file.

Game seed: 2218736150450774076

129 pikapanic the Poker (level 4, -1/35 HPs)
             Began as a Demonspawn Chaos Knight on July 26, 2021.
             Was a Plaything of Xom.
             Slain by a sixfirhy (9 damage)
             ... summoned by Xom
             ... on level 2 of the Dungeon.
             The game lasted 00:13:58 (2674 turns).

pikapanic the Poker (Demonspawn Chaos Knight)       Turns: 2674, Time: 00:13:58

Health: -1/35      AC:  8    Str: 14    XL:     4   Next: 88%
Magic:  6/6        EV:  8    Int: 13    God:    Xom [..*...]
Gold:   50         SH:  0    Dex: 12    Spells: 6/6 levels left

rFire    . . .     SeeInvis .   a - +0 spear (chaos)
rCold    . . .     Faith    .   (no shield)
rNeg     . . .     Spirit   .   l - +0 chain mail
rPois    .         Reflect  .   (no helmet)
rElec    .         Harm     .   n - scarf {+Inv}
rCorr    .         Rampage  .   (no gloves)
Will     .....                  (no boots)
Stlth    ..........             (no amulet)
HPRegen  0.11/turn              (no ring)
MPRegen  0.10/turn              (no ring)

@: no status effects
A: repulsion field 1
a: Renounce Religion, Evoke Invisibility


You were on level 2 of the Dungeon.
You worshipped Xom.
You were a toy of Xom.
You visited 1 branch of the dungeon, and saw 2 of its levels.

You collected 50 gold pieces.

Inventory:

Hand Weapons
 a - a +0 spear of chaos (weapon)
 c - a +0 club
 d - a +1 short sword of protection
 e - a +0 whip
 o - a +0 halberd
Armour
 b - a +2 leather armour
 h - a +0 robe
 l - a +0 chain mail (worn)
 m - a +0 ring mail
 n - a scarf of invisibility (worn)
Jewellery
 k - a ring of ice
Wands
 p - a wand of iceblast (8)
Potions
 f - a potion of heal wounds {unknown}
 g - 2 potions of lignification {unknown}
 i - a potion of brilliance {unknown}
 j - a potion of might {unknown}


   Skills:
 - Level 3.4 Fighting
 + Level 4.3 Polearms
 - Level 1.8 Armour
 - Level 0.9 Dodging
 * Level 1.8 Spellcasting


You had 6 spell levels left.
You didn't know any spells.
Your spell library contained the following spells:

 Spells                   Type           Power      Damage    Failure   Level
 Poisonous Vapours        Pois/Air       2%         N/A       100%        2
 Mephitic Cloud           Conj/Pois/Air  1%         N/A       100%        3
 Stone Arrow              Conj/Erth      2%         3d7       100%        3
 Bolt of Magma            Conj/Fire/Erth 0%         4d4       100%        5
 Freezing Cloud           Conj/Ice/Air   0%         6-21      100%        5
 Shatter                  Erth           0%         3d5*      100%        9


Dungeon Overview and Level Annotations

Branches:
Dungeon (2/15)

Altars:


Innate Abilities, Weirdness & Mutations

You are surrounded by a mild repulsion field. (EV +2)


Message History

You closely miss the jackal.
The jackal is severely wounded.
The jackal barely misses you.
You completely miss the jackal.
The jackal is severely wounded.
The jackal barely misses you.
The jackal bites you but does no damage.
You barely miss the jackal.
The jackal is severely wounded.
The jackal bites you but does no damage.
You hit the jackal.
You kill the jackal!
Things that are here:
a jackal corpse; a jackal corpse A bat comes into view.
You closely miss the bat. The bat closely misses you.
The bat hits you but does no damage.
You barely miss the bat. The bat hits you but does no damage.
The bat closely misses you. The bat barely misses you.
You hit the bat. You freeze the bat.
You kill the bat!
Found a book of Vapours.
Found a stone staircase leading up.
You pick up a book of Vapours and begin reading...
You add the spells Poisonous Vapours, Mephitic Cloud and Freezing Cloud to your library.
Okay, then. "Fight to survive, mortal."
You are now a toy of Xom.
The rust devil barely misses you.
You hit the rust devil but do no damage.
The rust devil resists with almost no effort.
The sixfirhy hits you. The sixfirhy shocks you! The sixfirhy hits you!
The sixfirhy shocks you!
* * * LOW HITPOINT WARNING * * *
The sixfirhy hits you but does no damage.
You hit the rust devil but do no damage.
The sixfirhy hits you!
You die... "This toy is broken."

........#
####.............###
......#..#
##...........####
.....###....
#..............# ....##
###. #..............#
#...#
###...........#...
###.# #
#...........#.#... #.#
##.# ..#.........#..#.#
#....#####.....####.#..
#..4@35......####.###
#########............
#....####.###
#....#.......
#....#.......
######....... #.......
########


You could see a rust devil (summoned), a sixfirhy (summoned) and an ufetubus
(summoned).

Vanquished Creatures
  4 gnolls (D:2)
  2 adders (D:2)
  A worm (D:2)
  2 dart slugs (D:1)
  5 ball pythons
  7 endoplasms
  A giant cockroach (D:2)
  5 goblins
  3 hobgoblins
  10 jackals
  3 quokkas (D:1)
  8 bats
  6 frilled lizards
  5 kobolds
  2 rats (D:1)
64 creatures vanquished.

Notes
Turn   | Place    | Note
-------+----------+-------------------------------------------
     0 | D:1      | pikapanic the Demonspawn Chaos Knight began the quest for
                  | the Orb.
     0 | D:1      | Reached XP level 1. HP: 18/18 MP: 1/1
   335 | D:1      | Gained mutation: You are surrounded by a mild repulsion
                  | field. (EV +2) [demonic ancestry]
   335 | D:1      | Reached XP level 2. HP: 7/24 MP: 2/2
   731 | D:1      | Reached skill level 3 in Polearms
   785 | D:1      | XOM: silly message
   913 | D:1      | XOM: silly message
  1088 | D:1      | Reached XP level 3. HP: 26/29 MP: 4/4
  1235 | D:1      | Reached skill level 1 in Spellcasting
  1262 | D:1      | XOM: divination: detect creatures
  1441 | D:1      | XOM: cloud trail
  1787 | D:2      | Found a faded altar of an unknown god.
  1808 | D:2      | XOM: smoke on damage
  1818 | D:2      | XOM: scenery: 1 doors close
  1912 | D:2      | XOM: god gift: scroll labelled ZIOTEDAUCE {god gift}
  1932 | D:2      | Reached XP level 4. HP: 29/35 MP: 4/6
  2035 | D:2      | XOM: blink monster(s)
  2038 | D:2      | XOM: blink monster(s)
  2039 | D:2      | XOM: noise
  2050 | D:2      | Reached skill level 4 in Polearms
  2067 | D:2      | XOM: blink monster(s)
  2453 | D:2      | XOM: noise
  2671 | D:2      | XOM: summons 3 hostile demons
  2672 | D:2      | Noticed a rust devil
  2672 | D:2      | Noticed a sixfirhy
  2674 | D:2      | Slain by a sixfirhy

Illustrated notes

Levels and vault maps discovered:
D:1:      dpeg_arrival_rooms_with_view, layout_basic, minmay_distorted
D:2:      layout_rooms, hellmonk_ecumenical_altar_inner_sanctum

Skill      XL: |  1  2  3  4 |
---------------+-------------+-----
Polearms       | 3 4 |  4.3
Spellcasting   | 1 |  1.8
Fighting       | |  3.4
Armour         | |  1.8
Dodging        | |  0.9

Action                   |  1- 3 |  4- 6 || total
-------------------------+-------+-------++-------
Melee: Spear             |   160 |    79 ||   239
  Use: Scroll            |     1 |       ||     1
       Potion            |       |     1 ||     1
 Stab: Paralysed         |     2 |       ||     2
Armor: Leather armour    |    58 |       ||    58
       Chain mail        |    13 |    58 ||    71
Dodge: Dodged            |   128 |    43 ||   171
